 Dungeon Crawl Stone Soup version 0.27-a0-869-g165b36e3f0 (webtiles) character file.

Game seed: 18051228859544663984

3775 jasper the Geomancer (level 9, -3/42 HPs)
             Began as a Spriggan Earth Elementalist on Apr 2, 2021.
             Was an Initiate of Vehumet.
             Killed by divine providence
             ... invoked by an orc priest
              (13 damage)
             ... on level 7 of the Dungeon.
             The game lasted 00:14:17 (8327 turns).

jasper the Geomancer (Spriggan Earth Elementalist)  Turns: 8327, Time: 00:14:17

Health: -3/42      AC:  5    Str:  4    XL:     9   Next: 95%
Magic:  14/22      EV: 33    Int: 19    God:    Vehumet [......]
Gold:   294        SH:  0    Dex: 16    Spells: 7/24 levels left

rFire    . . .     SeeInvis +   q - staff of earth
rCold    . . .     Faith    .   (shield currently unavailable)
rNeg     + . .     Spirit   .   g - +0 steam dragon scales
rPois    .         Reflect  .   (helmet restricted)
rElec    .         Harm     .   (no cloak)
rCorr    .         Rampage  .   (gloves unavailable)
Will     ++...                  (boots unavailable)
Stlth    ++........             m - amulet of the acrobat
HPRegen  0.14/turn              p - ring of positive energy
MPRegen  0.18/turn              u - ring of willpower

@: acrobatic, very quick
A: very small, no large weapons, unfitting armour, see invisible, speed 3
a: Renounce Religion


You were on level 7 of the Dungeon.
You worshipped Vehumet.
Vehumet was noncommittal.
You visited 2 branches of the dungeon, and saw 8 of its levels.

You collected 294 gold pieces.

Inventory:

Missiles
 d - 8 atropa-tipped darts
 h - 17 poisoned darts
 k - 6 throwing nets
 t - 117 stones
Armour
 b - a +2 robe of willpower
 c - a +1 robe
 g - +0 steam dragon scales (worn)
Magical Staves
 q - a staff of earth (weapon)
Jewellery
 a - a ring of ice
 m - an amulet of the acrobat (around neck)
 p - a ring of positive energy (left hand)
 u - a ring of willpower (right hand)
 v - a ring of protection from fire
Wands
 i - a wand of flame (17)
Scrolls
 e - a scroll of summoning
 j - 2 scrolls of enchant weapon
 o - a scroll of magic mapping
 w - a scroll of fog
 x - a scroll of vulnerability
 y - a scroll of acquirement {unknown}
 z - a scroll of noise {unknown}
Potions
 f - a potion of ambrosia
 l - a potion of degeneration
 n - 2 potions of curing
 r - a potion of might
 s - a potion of attraction


   Skills:
 + Level 1.7 Fighting
 + Level 4.2 Dodging
 - Level 3.0 Stealth
 + Level 1.8 Unarmed Combat
 - Level 8.0 Spellcasting
 - Level 4.0 Conjurations
 * Level 3.7 Transmutations
 - Level 10.0 Earth Magic


You had 7 spell levels left.
You knew the following spells:

 Your Spells              Type           Power      Damage    Failure   Level
a - Sandblast             Erth           100%       2d20      1%          1
b - Passwall              Tmut/Erth      41%        N/A       1%          2
c - Stone Arrow           Conj/Erth      100%       3d13      1%          3
d - Petrify               Tmut/Erth      50%        N/A       5%          4
e - Animate Skeleton      Necr           14%        N/A       9%          1
f - Apportation           Tloc           14%        N/A       9%          1
g - Lee's Rapid Deconstr  Erth           31%        3d17*     4%          5

Your spell library contained the following spells:

 Spells                   Type           Power      Damage    Failure   Level
 Beastly Appendage        Tmut           42%        N/A       1%          1
 Wereblood                Tmut           21%        N/A       3%          2
 Foxfire                  Conj/Fire      60%        2x1d7     4%          1
 Sting                    Tmut/Pois      56%        1d5       4%          1
 Corona                   Hex            7%         N/A       9%          1
 Summon Small Mammal      Summ           28%        N/A       9%          1
 Conjure Flame            Conj/Fire      15%        6-21      12%         3
 Spider Form              Tmut/Pois      7%         N/A       13%         3
 Poisonous Vapours        Pois/Air       14%        N/A       14%         2
 Mephitic Cloud           Conj/Pois/Air  12%        N/A       16%         3
 Ignite Poison            Fire/Tmut/Pois 12%        N/A       17%         3
 Inner Flame              Hex/Fire       7%         N/A       26%         3
 Sticky Flame             Conj/Fire      15%        2d4       36%         4
 Ice Form                 Ice/Tmut       14%        N/A       38%         4
 Hydra Form               Tmut           10%        N/A       50%         5
 Olgreb's Toxic Radiance  Pois           7%         N/A       65%         4
 Fireball                 Conj/Fire      7%         3d5       73%         5


Dungeon Overview and Level Annotations

Branches:
Dungeon (7/15)             Temple (1/1) D:6

Altars:
Dithmenos
Fedhas
Hepliaklqana
Kikubaaqudgha
Makhleb
Qazlal
Ru
Sif Muna
Trog
Uskayaw
Vehumet
Wu Jian
Yredelemnul
Zin
The Shining One

Annotations:
D:7 Joseph


Innate Abilities, Weirdness & Mutations

You are very small and have problems with some larger weapons.
You are too small for most types of armour.
You have supernaturally acute eyesight. (SInv)
You cover ground extremely quickly. (Speed+++)


Message History

An orc comes into view. It is wielding a +0 trident.
You regained 2 mp, and now have 20/22 mp.
Casting: Stone Arrow (safe; 1% risk of failure)
Confirm with . or Enter, or press ? or * to list all spells.
Aiming: Stone Arrow (safe; 1% risk of failure)
Press: ? - help, Shift-Dir - straight line, f - orc
Aim: an orc, wielding a +0 trident (22% to evade)
You feel a surge of power!
The stone arrow hits the orc!!
You kill the orc!
Vehumet accepts your kill.
You hear a shout! x2
You now have 17/22 mp.
An orc priest comes into view. It is wielding a +0 short sword.
An orc priest is nearby!
An orc priest is nearby!
Casting: Stone Arrow (safe; 1% risk of failure)
Confirm with . or Enter, or press ? or * to list all spells.
Aiming: Stone Arrow (safe; 1% risk of failure)
Press: ? - help, Shift-Dir - straight line, f - orc priest
Aim: an orc priest, wielding a +0 short sword and wearing a +0 ring mail (19% to evade)
You feel a surge of power!
The stone arrow misses the orc priest.
Joseph, a Mercenary comes into view.
He is wielding a +0 quarterstaff.
The orc priest cheers loudly.
The orc priest invokes the aid of Beogh against you.
Beogh smites you!
You take 14 damage, and have 28/42 hp.
MASSIVE DAMAGE!!
You now have 14/22 mp.
Aiming: Sandblast (safe; 1% risk of failure)
Press: ? - help, Q - select action, (/) - cycle Shift-Dir - straight line, f/p - orc priest
Aim: an orc priest, wielding a +0 short sword and wearing a +0 ring mail (14% to evade)
You feel a surge of power!
The blast of sand hits the orc priest!
The orc priest is almost dead.
Joseph unwields a +0 quarterstaff.
Joseph wields a +0 hunting sling.
Joseph shoots a sling bullet.
The sling bullet hits you!!
* * * LOW HITPOINT WARNING * * *
The orc priest looks encouraged for a moment.
You take 18 damage, and have 10/42 hp.
MASSIVE DAMAGE!!
The orc priest barely misses you.
The orc priest calls down the wrath of Beogh upon you.
Beogh smites you!
You die...

. #≈)##.####### . #####
#≈........... ^
g....###≈###..##### . .≈≈
≈≈≈≈≈≈≈≈≈# ##.# #####..#
....#o.### #.## #...#..# #
##o#######..######
....#..#########....)...@........
....#..##.....)..#########..####.
.......##.##....@# ##.## #.
..#.#.###.#..#...# #..# #.
.......##...###..#### #####'###.
..#.#..##..##.##....# #.........
###.#..#....#.#.....# #........[
.........#.##.##.#..## #.........
###.##..####...####..# #.........
# #.#..##.........##.# #.........
# #.#...####...#'##..# #######.##


You could see an orc warrior and an orc priest.

Vanquished Creatures
  Harold (D:7)
  Pikel (D:5)
  Maggie (D:7)
  A troll (D:7)
  A steam dragon (D:6)
  3 orc warriors
  A sky beast (D:6)
  A black bear (D:5)
  4 ogres
  A phantom (D:7)
  3 lemures (D:5)
  A kobold brigand (D:5)
  A bullfrog (D:7)
  5 scorpions
  5 hounds
  2 centaur skeletons (D:6)
  A jelly (D:7)
  An orc priest (D:6)
  3 bullfrog skeletons
  A gnoll shaman (D:5)
  2 iguanas
  2 killer bee zombies
  5 gnolls
  8 adders
  A shadow imp (D:5)
  3 white imps
  2 ufetubi (D:5)
  An adder skeleton (D:4)
  4 worms
  8 orcs
  3 ball pythons (D:1)
  5 endoplasms
  4 giant cockroaches
  A hobgoblin (D:2)
  A jackal (D:5)
  4 quokkas
  7 bats
  5 frilled lizards
  5 goblins
  8 kobolds
  6 rats
123 creatures vanquished.

Vanquished Creatures (others)
  12 plants
12 creatures vanquished.

Grand Total: 135 creatures vanquished

Notes
Turn   | Place    | Note
-------+----------+-------------------------------------------
     0 | D:1      | jasper the Spriggan Earth Elementalist began the quest for
                  | the Orb.
     0 | D:1      | Reached XP level 1. HP: 9/9 MP: 5/5
   183 | D:1      | Reached skill level 3 in Earth Magic
   479 | D:1      | Reached XP level 2. HP: 13/13 MP: 2/6
   482 | D:1      | Learned a level 2 spell: Passwall
  1108 | D:2      | Reached XP level 3. HP: 16/16 MP: 6/8
  1157 | D:2      | You fall into a shaft and drop 1 floor!
  1189 | D:3      | Reached skill level 4 in Earth Magic
  1326 | D:3      | Found a hazy altar of Hepliaklqana.
  1408 | D:3      | Learned a level 3 spell: Stone Arrow
  1596 | D:3      | Reached XP level 4. HP: 21/21 MP: 5/9
  2003 | D:3      | Found an ancient bone altar of Kikubaaqudgha.
  2145 | D:4      | Found a glowing golden altar of the Shining One.
  2195 | D:4      | Noticed a scorpion
  2228 | D:4      | Killed a scorpion
  2229 | D:4      | Reached skill level 5 in Earth Magic
  2229 | D:4      | Reached XP level 5. HP: 10/24 MP: 2/10
  2449 | D:4      | Noticed an ogre
  2457 | D:4      | Killed an ogre
  2458 | D:4      | Reached skill level 6 in Earth Magic
  2576 | D:4      | Reached XP level 6. HP: 14/28 MP: 6/11
  2879 | D:4      | Learned a level 4 spell: Petrify
  3171 | D:5      | Entered Level 5 of the Dungeon
  3229 | D:5      | Reached skill level 1 in Conjurations
  3396 | D:5      | Reached XP level 7. HP: 32/32 MP: 10/13
  3810 | D:5      | Reached skill level 7 in Earth Magic
  4069 | D:5      | Learned a level 1 spell: Animate Skeleton
  4071 | D:5      | Learned a level 1 spell: Apportation
  4375 | D:5      | Reached skill level 5 in Spellcasting
  4629 | D:5      | Noticed Pikel
  4767 | D:5      | Killed Pikel
  4768 | D:5      | Reached skill level 8 in Earth Magic
  4768 | D:5      | Reached XP level 8. HP: 36/36 MP: 7/17
  5203 | D:6      | Learned a level 5 spell: Lee's Rapid Deconstruction
  6075 | D:6      | Found a glowing silver altar of Zin.
  6273 | D:6      | Reached XP level 9. HP: 39/39 MP: 13/20
  6551 | D:6      | Found a staircase to the Ecumenical Temple.
  6687 | D:6      | Reached skill level 9 in Earth Magic
  6809 | Temple   | Entered the Ecumenical Temple
  6913 | Temple   | Became a worshipper of Vehumet
  7112 | D:7      | Noticed Maggie
  7118 | D:7      | Killed Maggie
  7722 | D:7      | Noticed Harold
  7729 | D:7      | Killed Harold
  7730 | D:7      | Reached skill level 1 in Fighting
  7730 | D:7      | Reached skill level 1 in Unarmed Combat
  7827 | D:7      | Found an ornate altar of the Wu Jian Council.
  8078 | D:7      | Noticed a troll
  8087 | D:7      | Killed a troll
  8088 | D:7      | Reached skill level 10 in Earth Magic
  8323 | D:7      | Noticed Joseph
  8327 | D:7      | Killed from afar by an orc priest

Illustrated notes

Levels and vault maps discovered:
D:1:      mrwooster_arrival_statue_3, layout_loops_cross, minmay_fountain_box
D:2:      layout_basic
D:3:      layout_loops_cross, lemuel_coloured_pillars_altar,
          nicolae_hepliaklqana_hazy_memory, serial_shops, shop,
          minmay_misc_feat_four_crosses, serial_bayou_lake_a
D:4:      layout_cave_pools, lemuel_crystal_altar, grunt_decor_fettered
D:5:      kennysheep_spiral_hall, layout_gridville, st_stairs_4,
          lexackson_kobold_supper, uniq_pikel
D:6:      layout_cave_pods, old_standard_altar, minmay_temple_entry_butterflies
D:7:      layout_basic, overflow_temple_1_default,
          lightli_bailey_entry_fortress, serial_bayou_pond_e,
          minmay_fractal_squares_gapless_5, uniq_harold, uniq_maggie,
          uniq_joseph
Temple:   regret_index_temple_waves

Skill      XL: |  1  2  3  4  5  6  7  8  9 |
---------------+----------------------------+-----
Earth Magic    | 3 4 5 6 8 10 | 10.0
Spellcasting   | 3 5 6 8 |  8.0
Conjurations   | 1 3 4 |  4.0
Fighting       | 1 |  1.7
Dodging        | 4 |  4.2
Unarmed Combat | 1 |  1.8
Transmutations | 3 |  3.7
Stealth        | |  3.0

Action                   |  1- 3 |  4- 6 |  7- 9 || total
-------------------------+-------+-------+-------++-------
Melee: Unarmed           |     1 |       |       ||     1
       Staff             |       |       |     1 ||     1
 Cast: Sandblast         |    52 |    54 |    28 ||   134
       Stone Arrow       |       |     1 |   100 ||   101
  Use: Scroll            |     2 |     6 |     5 ||    13
Armor: Robe              |     1 |       |       ||     1
       Steam dragon scal |       |       |     1 ||     1
Dodge: Dodged            |     7 |    13 |    20 ||    40

Table legend: (Time is in decaauts)
 A = Elapsed time spent in this place.
 B = Non-inter-level travel time spent in this place.
 C = Inter-level travel time spent in this place.
 D = Time resting spent in this place.
 E = Time spent auto-exploring this place.
 F = Levels seen in this place.
 G = Mean time per level.
                   A        B        C        D        E       F      G
               +--------+--------+--------+--------+--------+-----+--------+
         Total |   6646 |   6468 |    178 |    982 |   4627 |   8 |  830.8 |
       Dungeon |   6542 |   6381 |    161 |    982 |   4542 |   7 |  934.6 |
        Temple |    103 |     87 |     16 |      0 |     84 |   1 |  103.0 |
               +--------+--------+--------+--------+--------+-----+--------+

Top non-repeatable levels by time:
     D:5: 1737 daAuts
     D:6: 1277 daAuts
     D:7: 992 daAuts
     D:4: 846 daAuts
     D:3: 817 daAuts
     D:1: 554 daAuts
     D:2: 316 daAuts
  Temple: 103 daAuts
